 Dungeon Crawl Stone Soup version 0.18.1-48-g4cf74bf (webtiles) character file.

233 Inkary the Skirmisher (level 6, -15/40 HPs)
             Began as a Gargoyle Fighter on July 21, 2016.
             Demolished by an ogre
             ... wielding a +0 giant club
              (24 damage)
             ... on level 5 of the Dungeon.
             The game lasted 00:03:41 (2090 turns).

Inkary the Skirmisher (Gargoyle Fighter)            Turns: 2090, Time: 00:03:43

Health: -15/40     AC: 12    Str: 19    XL:     6   Next: 4%
Magic:  6/6        EV:  7    Int:  9    God:
Gold:   79         SH:  9    Dex: 11    Spells: 0 memorised, 5 levels left

rFire  . . .     SeeInvis .     a - +0 flail
rCold  . . .     Gourm    .     b - +0 scale mail
rNeg   + . .     Faith    .     c - +0 shield
rPois  ∞         Spirit   .     (no helmet)
rElec  +         Dismiss  .     (no cloak)
rCorr  .         Reflect  .     e - +0 pair of gloves
SustAt .         Harm     .     (no boots)
MR     .....                    (no amulet)
Stlth  ..........               (no ring)
                                (no ring)

@: not resistant to hostile enchantments, extremely unstealthy
A: negative energy resistance 1, electricity resistance, unbreathing,
petrification resistance, rot immunity, AC +4
a: no special abilities


You were on level 5 of the Dungeon.
You were hungry.

You visited 1 branch of the dungeon, and saw 5 of its levels.

You collected 79 gold pieces.

Inventory:

Hand Weapons
 a - a +0 flail (weapon)
Armour
 b - a +0 scale mail (worn)
 c - a +0 shield (worn)
 e - a +0 pair of gloves (worn)
Wands
 w - a wand of digging (8/24)
 x - a wand of lightning (11/15)
Scrolls
 g - a scroll of remove curse {unknown}
 k - a scroll of enchant armour {unknown}
 n - 5 scrolls of identify {unknown}
 p - 2 scrolls of random uselessness {unknown}
 s - 2 scrolls of recharging {unknown}
 t - a scroll of fear {unknown}
 y - 2 scrolls of amnesia {unknown}
Potions
 d - a potion of might
 h - 3 potions of curing {unknown}
 i - a potion of resistance {unknown}
 l - a potion of magic {unknown}
 m - 2 potions of mutation {unknown}
 o - a potion of brilliance {unknown}
 q - a potion of ambrosia {unknown}
 u - 2 potions of agility {unknown}
 z - 2 potions of degeneration {unknown}
Comestibles
 f - 5 bread rations
 j - 2 meat rations
 r - 3 fruits
 v - a royal jelly


   Skills:
 + Level 5.5 Fighting
 + Level 4.5 Maces & Flails
 - Level 3.2 Armour
 - Level 3.2 Shields


You had 5 spell levels left.
You didn't know any spells.

Dungeon Overview and Level Annotations

Branches:
Dungeon (5/15)
 Temple: D:4-7

Altars:

Annotations:
D:4 Inkary's ghost, amateur HOFi


Innate Abilities, Weirdness & Mutations

You are resistant to torment.
Your stone body is resilient (AC +4).
You are immune to poison.
You resist negative energy.
You are resistant to electric shocks.
You can survive without breathing.
You are immune to petrification.
You are immune to rotting.


Message History

Inkary's ghost is moderately damaged.
Inkary's ghost barely misses you. Inkary's ghost hits you.
* * * LOW HITPOINT WARNING * * *
You climb downwards.
An ogre comes into view. It is wielding a giant club.
The ogre shouts!
Found four items.
Found a stone staircase leading down.
There is a stone staircase leading up here.
You are too injured to fight recklessly!
You are too injured to fight recklessly!
You closely miss the ogre. You block the ogre's attack.
You sock the ogre!
The ogre is moderately wounded.
The ogre closely misses you.
Your shield prevents you from hitting the ogre.
The ogre is moderately wounded.
The ogre hits you with a giant club!!
Ouch! That really hurt!
You die...

...... %....
..#..##...$
###...#.....#
?...........#
............#
............#
........O..>#
.......@....#
............#
............#
.....(....#.#
...#.....## #
#. ...##.. #
###. #. ## ..


You could see an ogre.

Vanquished Creatures
  A crimson imp (D:3)
  A giant frog skeleton (D:4)
  3 gnolls (D:2)
  4 adders
  A shadow imp (D:4)
  3 oozes
  2 worms (D:2)
  A dart slug (D:2)
  3 giant geckos
  7 bats
  2 giant cockroaches (D:3)
  9 goblins
  10 hobgoblins
  6 jackals (D:2)
  6 kobolds
  3 quokkas
  2 ball pythons
  5 giant newts
  A quokka skeleton (D:4)
  8 rats
78 creatures vanquished.

Notes
Turn   | Place    | Note
--------------------------------------------------------------
     0 | D:1      | Inkary the Gargoyle Fighter began the quest for the Orb.
     0 | D:1      | Reached XP level 1. HP: 14/14 MP: 1/1
   230 | D:1      | Reached XP level 2. HP: 18/19 MP: 2/2
   714 | D:2      | Reached XP level 3. HP: 17/24 MP: 3/3
   900 | D:2      | Reached skill level 4 in Fighting
   959 | D:2      | Reached XP level 4. HP: 28/30 MP: 4/4
  1234 | D:2      | Reached XP level 5. HP: 31/34 MP: 5/5
  1586 | D:3      | Reached skill level 5 in Fighting
  2027 | D:4      | Reached XP level 6. HP: 21/40 MP: 6/6
  2054 | D:4      | Noticed Inkary's ghost (amateur HOFi)
  2087 | D:5      | Entered Level 5 of the Dungeon
  2090 | D:5      | Demolished by an ogre

Skill      XL: |  1  2  3  4  5 |
---------------+----------------+-----
Maces & Flails | 3 4 |  4.5
Fighting       | 4 5 |  5.5
Armour         | |  3.2
Shields        | |  3.2

Action                   |  1- 3 |  4- 6 || total
-------------------------+-------+-------++-------
Melee: Flail             |   139 |   208 ||   347
  Eat: Chunk             |       |     4 ||     4
Armor: Scale mail        |    90 |   115 ||   205
Dodge: Dodged            |    62 |    58 ||   120
Block: Shield            |    80 |   112 ||   192
